 Dungeon Crawl Stone Soup version 0.13-a0-1672-g2e244fd (webtiles) character file.

101726 Koal the Blocker (level 16, -8/107 HPs)
             Began as an Octopode Monk on June 19, 2013.
             Was a High Priest of Okawaru.
             Killed by Shatter
             ... invoked by Jorgrun
              (60 damage)
             ... on Level 18 of the Dungeon on June 20, 2013.
             The game lasted 05:17:45 (38323 turns).

Koal the Blocker (Octopode Monk)                   Turns: 38323, Time: 05:17:47

HP  -8/107       AC  8     Str 10      XL: 16   Next: 39%
MP  24/28        EV 16     Int 16      God: Okawaru [*****.]
Gold 1494        SH  0     Dex 21      Spells:  6 memorised,  7 levels left

Res.Fire  : + + .   See Invis. : +     - Unarmed
Res.Cold  : . . .   Warding    : +   y - +1 orc shield {AC+3}
Life Prot.: + + .   Conserve   : .   E - +0 wizard hat
Res.Poison: +       Res.Corr.  : .   w - brooch of Shielding {Ward AC+4 EV+4}
Res.Elec. : .       Clarity    : .   I - ring of poison resistance
Sust.Abil.: . .     Spirit.Shd : .   k - ring of wizardry
Res.Mut.  : .       Stasis     : .   n - +5,+5 ring of slaying
Res.Rott. : .       Flight     : .   L - ring of see invisible
Saprovore : . . .                    t - ring of protection from fire
                                     e - +3 ring of dexterity
                                     O - ring of protection from fire
                                     q - ring of life protection

@: petrifying, heroism, finesse, very slow, somewhat resistant to hostile
enchantments, extraordinarily stealthy
A: almost no armour, amphibious, 8 rings, constrict 8, camouflage 1, AC +1
a: Heroism, Finesse, Renounce Religion


You were on level 18 of the Dungeon.
You worshipped Okawaru.
Okawaru was exalted by your worship.
You were not hungry.

You visited 4 branches of the dungeon, and saw 31 of its levels.
You also visited: Labyrinth.

You collected 2563 gold pieces.
You spent 1069 gold pieces at shops.

Inventory:

Hand weapons
 b - a +8 blowgun
Missiles
 d - 12 curare-tipped needles
 u - 16 poisoned needles
Armour
 y - a +1 orcish shield of protection (worn)
 E - a +0 wizard hat (worn)
Magical devices
 g - a wand of fire (9)
 m - a wand of cold (4)
 x - a wand of lightning (2)
 D - a wand of digging (10)
 N - a wand of heal wounds (4)
 Q - a wand of cold (6)
 T - a wand of polymorph (12)
 V - a wand of paralysis (15) {unknown}
Comestibles
 l - a meat ration
 G - a bread ration
 K - 6 snozzcumbers
 P - 10 apples
Scrolls
 i - 2 scrolls of fog
 z - 3 scrolls of identify
 A - 3 scrolls of remove curse
 C - a scroll of enchant weapon III
 F - 4 scrolls of teleportation
 S - a scroll of magic mapping
Jewellery
 c - an uncursed amulet of clarity
 e - a +3 ring of dexterity (on tentacle)
 f - an uncursed ring of sustain abilities
 k - a ring of wizardry (right tentacle)
 n - a +5,+5 ring of slaying (on tentacle)
 p - a cursed amulet of stasis
 q - a ring of life protection (on tentacle)
 t - a ring of protection from fire (on tentacle)
 w - the brooch of Shielding (around mantle) {Ward AC+4 EV+4}
   (You found it in a labyrinth)

   [amulet of warding]

   It affects your AC (+4).
   It affects your evasion (+4).
 I - a ring of poison resistance (left tentacle)
 J - an uncursed ring of teleportation
 L - a ring of see invisible (on tentacle)
 O - a ring of protection from fire (on tentacle)
Potions
 a - 2 potions of might
 j - 7 potions of curing
 r - a potion of flight
 s - 3 potions of heal wounds
 v - 4 potions of agility
 B - a potion of speed
Books
 h - a book of Wizardry

   Spells                             Type                      Level
   Summon Elemental                   Summoning                    4
   Agony                              Necromancy                   5
   Lightning Bolt                     Conjuration/Air              5
   Fireball                           Conjuration/Fire             5
   Haste                              Charms                       6
   Invisibility                       Hexes                        6
 o - a book of the Earth

   Spells                             Type                      Level
   *Dig                               Earth                        4
   Leda's Liquefaction                Hexes/Earth                  4
   Bolt of Magma                      Conjuration/Fire/Earth       5
   *Statue Form                       Transmutation/Earth          6
   Iron Shot                          Conjuration/Earth            6
   Shatter                            Earth                        9
 H - a book of Clouds

   Spells                             Type                      Level
   Mephitic Cloud                     Conjuration/Poison/Air       3
   Conjure Flame                      Conjuration/Fire             3
   Poisonous Cloud                    Conjuration/Poison/Air       6
   Freezing Cloud                     Conjuration/Ice/Air          6
   Ring of Flames                     Charms/Fire                  7


   Skills:
 - Level 10.2(15.2) Fighting
 - Level 4.0(9.0) Throwing
 - Level 10.3(15.3) Dodging
 - Level 9.0(14.0) Stealth
 - Level 15.0(20.0) Shields
 - Level 6.3(11.3) Traps
 - Level 15.0(20.0) Unarmed Combat
 - Level 6.0 Spellcasting
 - Level 3.2 Charms
 - Level 2.0 Translocations
 - Level 6.0 Transmutations
 * Level 11.6 Earth Magic
 - Level 6.0 Invocations


You had 7 spell levels left.
You knew the following spells:

 Your Spells              Type           Power        Failure   Level  Hunger
a - Repel Missiles        Chrm/Air       #.........   4%          2    None
b - Blink                 Tloc           N/A          3%          2    None
c - Shroud of Golubria    Chrm/Tloc      ##........   3%          2    None
d - Petrify               Trmt/Erth      ####....     1%          4    ####...
e - Statue Form           Trmt/Erth      ####......   32%         6    #######
f - Dig                   Erth           #####...     1%          4    ####...


Dungeon Overview and Level Annotations

Branches:
Dungeon (18/27)            Temple (1/1) D:6             Orc (4/4) D:7
   Lair (8/8) D:10         Shoals (0/5) Lair:6        Snake (0/5) Lair:6
  Slime (0/6) Lair:6
    Elf: Orc:3-4     Vaults: D:15-20

Altars:
Ashenzari
Cheibriados
Fedhas
Nemelex Xobeh
Okawaru
Sif Muna
Trog
Xom
Yredelemnul
Zin
the Shining One
Beogh
Jiyva

Shops:
D:4: ! D:16: ? Orc:2: + Orc:4: !!(!

Annotations
D:4 Broomstick's ghost, average NaWr
D:15 exclusion: Roxanne, Roxanne
D:18 Jorgrun
Lair:7 exclusion: oklob plant


Innate Abilities, Weirdness & Mutations

You cannot wear most types of armour.
You are amphibious.
You can wear up to eight rings at the same time.*
You can use your tentacles to constrict many enemies at once.*
Your skin changes colour to match your surroundings (Stlth).*
Your rubbery body absorbs attacks (AC +1).*


Message History

You constrict Jorgrun, but do no damage.
You hit Jorgrun. You tentacle-slap Jorgrun!!
Jorgrun is severely wounded.
You constrict Jorgrun, but do no damage.
You bludgeon Jorgrun! You tentacle-slap Jorgrun.
Jorgrun is severely wounded.
You constrict Jorgrun, but do no damage.
Jorgrun points at you and mumbles some strange words.
You are slowing down.
You hit Jorgrun but do no damage. You squeeze Jorgrun.
Jorgrun is almost dead.
You constrict Jorgrun, but do no damage.
You bludgeon Jorgrun! You squeeze Jorgrun, but do no damage.
Jorgrun is almost dead.
You constrict Jorgrun, but do no damage.
Jorgrun mumbles some strange words.
The dungeon rumbles around Jorgrun!
You shudder from the earth-shattering force.
Ouch! That really hurt!
You die...

# ... # #####.# #.
... #.#
..#####.##.#.#
#......^..#.#
#.#.%q.((.#.#
#.#..!@..####.####.#
#..................#
#....(.#######.######
####.### #.# #.# #.#
## #.# #<# #.# ###


You could see Jorgrun.

Vanquished Creatures
  Nikola (D:14)
  Aizul (D:14)
  Gastronok (D:13)
  2 dire elephants (Lair:8)
  A minotaur (Lab)
  The ghost of Bloax the Covert, a powerful OpTm of Cheibriados (D:12)
  5 hydras
  Erica (D:13)
  The ghost of Duskembrace the Unseen, a powerful SpEn of Kikubaaqudgha (Orc:3)
  Harold (Lair:2)
  An ogre mage (D:17)
  Nessos (D:13)
  A wolf spider zombie (D:17)
  An anaconda (Lair:8)
  4 orc high priests (Orc:4)
  A rakshasa (D:16)
  Urug (Orc:4)
  7 centaur warriors
  A sun demon (Orc:4)
  3 unseen horrors
  7 hill giants
  2 orc knights (D:17)
  Pikel (D:9)
  A lindwurm (Lair:5)
  A guardian serpent (D:13)
  Joseph (Orc:3)
  3 cyclopes
  2 orc sorcerers
  A spiny worm (D:17)
  A griffon (D:17)
  A wolf spider (D:17)
  Maurice (D:9)
  2 elephant slugs
  A queen ant (D:8)
  3 slime creatures (D:13)
  2 spiny worm zombies
  2 feature mimics
  2 black mambas
  11 elephants
  A hill giant zombie (D:9)
  6 yaktaurs
  10 spiny frogs
  A hellwing (Orc:2)
  19 ugly things
  A hill giant skeleton (D:14)
  Grinder (D:3)
  A snapping turtle (Lair:6)
  A queen bee (Lair:1)
  5 trolls
  Sonja (D:13)
  A red devil (Orc:4)
  A polar bear (Lair:8)
  2 komodo dragons
  6 two-headed ogres
  A deep dwarf artificer (D:14)
  9 blink frogs
  2 shadows
  4 basilisks
  5 sharks
  Eustachio (D:6)
  2 wyverns
  3 trapdoor spiders
  2 wraiths
  Grum (D:8)
  52 yaks
  4 hungry ghosts
  2 manticores
  19 war dogs
  8 hippogriffs
  9 vampire mosquitoes
  A wyvern zombie (D:11)
  A yaktaur zombie (D:17)
  Edmund (D:6)
  2 boulder beetles
  A rock worm (D:14)
  A mottled dragon (D:16)
  A cyclops zombie (D:15)
  21 soldier ants
  20 orc warriors
  6 sky beasts
  4 ice beasts
  2 giant goldfish (D:17)
  A rock worm zombie (D:16)
  2 yellow wasps
  2 cyclops skeletons
  11 ogres
  2 slaves (D:9)
  2 phantoms
  A wolf (Lair:2)
  3 boring beetles
  4 nagas (Lair:6)
  24 centaurs
  Duvessa (D:9)
  16 crocodiles
  A brain worm (Lair:4)
  5 big kobolds
  3 giant slugs
  18 giant frogs
  8 agate snails
  11 water moccasins
  An eye of draining (D:11)
  51 killer bees
  8 wights (D:8)
  3 electric eels
  A jellyfish (Lair:8)
  2 goliath beetles
  Dowan (D:9)
  4 crimson imps
  A quasit (D:8)
  8 hounds
  A hound zombie (D:10)
  36 orc priests
  6 porcupines
  5 scorpions
  A hound skeleton (D:4)
  A deep elf soldier (D:10)
  13 iguanas
  25 orc wizards
  2 worker ant zombies
  29 worker ants
  16 sheep
  Ijyb (D:7)
  3 boggarts (D:14)
  2 mummies
  7 jellies
  Terence (D:2)
  16 adders
  5 giant centipedes
  12 gnolls
  An iguana zombie (D:5)
  28 green rats
  4 adder skeletons
  A giant mite (Lair:3)
  7 worms
  A bat zombie (D:5)
  2 giant eyeballs
  124 orcs
  19 hobgoblins
  16 jackals
  29 kobolds
  10 quokkas
  A ball python (D:2)
  31 bats
  2 giant cockroaches
  11 giant geckos
  13 giant newts
  A giant spore (D:12)
  21 goblins
  2 illusory rakshasas (D:16)
  A jackal skeleton (D:4)
  2 orc skeletons
  An orc zombie (D:5)
  31 rats
  8 ballistomycetes
  A fungus (Lair:2)
  3 plants (Lair:8)
1071 creatures vanquished.

Vanquished Creatures (others)
  A slave (D:9)
  A killer bee (D:9)
  An orc priest (D:15)
  A porcupine (Lair:7)
  A green rat (Lair:4)
  A goblin (Orc:2)
  A hobgoblin (Orc:4)
  A giant newt (D:1)
  2 giant spores
  An illusory rakshasa (D:16)
  2 kobolds
  9 fungi (Lair:8)
  3 plants
25 creatures vanquished.

Grand Total: 1096 creatures vanquished

Notes
Turn   | Place    | Note
--------------------------------------------------------------
     0 | D:1      | Koal, the Octopode Monk, began the quest for the Orb.
     0 | D:1      | Reached XP level 1. HP: 14/14 MP: 0/0
   165 | D:1      | Reached XP level 2. HP: 19/19 MP: 1/1
   795 | D:2      | Reached XP level 3. HP: 19/25 MP: 2/2
   889 | D:2      | Noticed Terence
   893 | D:2      | Reached XP level 2. HP: 18/19 MP: 1/1
  1228 | D:2      | Reached skill level 5 in Unarmed Combat
  1228 | D:2      | Reached XP level 3. HP: 23/25 MP: 2/2
  1499 | D:2      | Killed Terence
  1913 | D:2      | Reached XP level 4. HP: 30/30 MP: 3/3
  2558 | D:3      | Reached skill level 6 in Unarmed Combat
  2672 | D:3      | Noticed Grinder
  2677 | D:3      | Paralysed by Grinder for 2 turns
  2683 | D:3      | Paralysed by Grinder for 3 turns
  2690 | D:3      | Paralysed by Grinder for 4 turns
  2702 | D:3      | Killed Grinder
  2702 | D:3      | Reached skill level 7 in Unarmed Combat
  2702 | D:3      | Reached XP level 5. HP: 17/35 MP: 4/4
  2702 | D:3      | Reached XP level 6. HP: 19/41 MP: 5/5
  3018 | D:3      | Reached skill level 8 in Unarmed Combat
  3313 | D:3      | Reached XP level 7. HP: 45/45 MP: 6/6
  3542 | D:4      | Found a snail-covered altar of Cheibriados.
  4135 | D:4      | Found Areudiwnu's Distillery.
  4139 | D:4      | Bought a potion of confusion for 14 gold pieces
  4139 | D:4      | Bought a potion of curing for 28 gold pieces
  4139 | D:4      | Bought a potion of poison for 14 gold pieces
  4226 | D:4      | Reached skill level 9 in Unarmed Combat
  4545 | D:4      | Noticed Broomstick's ghost (average NaWr)
  5010 | D:4      | Reached XP level 8. HP: 52/52 MP: 7/7
  5209 | D:5      | Entered Level 5 of the Dungeon
  5398 | D:5      | Reached skill level 10 in Unarmed Combat
  5465 | D:5      | Paralysed by a giant eyeball for 4 turns
  6199 | D:5      | Found a bloodstained altar of Trog.
  6715 | D:6      | Reached skill level 11 in Unarmed Combat
  6909 | D:6      | Reached XP level 9. HP: 52/56 MP: 8/8
  7133 | D:6      | Noticed Eustachio
  7146 | D:6      | Killed Eustachio
  7168 | D:6      | Found a sparkling altar of Nemelex Xobeh.
  7181 | D:6      | Noticed Edmund
  7209 | D:6      | Killed Edmund
  7717 | D:6      | Found a staircase to the Ecumenical Temple.
  7726 | Temple   | Entered the Ecumenical Temple
  7749 | Temple   | Became a worshipper of Warmaster Okawaru
  7749 | Temple   | Acquired Okawaru's first power
  8500 | D:7      | Reached skill level 5 in Fighting
  8536 | D:7      | Noticed Ijyb
  8548 | D:7      | Killed Ijyb
  8550 | D:7      | Reached skill level 5 in Dodging
  8791 | D:7      | HP: 1/58 [orc priest/divine providence (14)]
  9259 | D:7      | Found a staircase to the Orcish Mines.
 10030 | D:8      | Reached XP level 10. HP: 65/65 MP: 9/9
 10610 | D:8      | Paralysed by a giant eyeball for 4 turns
 10680 | D:8      | Noticed a queen ant
 11126 | D:8      | Reached skill level 1 in Invocations
 11373 | D:8      | Reached skill level 5 in Invocations
 12153 | D:8      | Reached skill level 1 in Shields
 12164 | D:8      | Acquired Okawaru's second power
 12603 | D:8      | Killed a queen ant
 12603 | D:8      | Reached XP level 11. HP: 60/73 MP: 18/20
 12683 | D:8      | Reached skill level 5 in Shields
 12831 | D:9      | Reached skill level 1 in Traps
 13154 | D:9      | Noticed Grum
 13197 | D:9      | Noticed Maurice
 13212 | D:9      | Killed Maurice
 13212 | D:9      | Reached skill level 5 in Traps
 13232 | D:9      | Received a gift from Okawaru
 13261 | D:8      | Killed Grum
 13319 | D:9      | Noticed Pikel
 13357 | D:9      | Killed Pikel
 13357 | D:9      | Reached skill level 1 in Spellcasting
 13493 | D:9      | Noticed Duvessa
 13506 | D:9      | Noticed Dowan
 13506 | D:9      | Killed Duvessa
 13511 | D:9      | Killed Dowan
 14014 | D:10     | Entered Level 10 of the Dungeon
 14136 | D:10     | Noticed a hill giant
 14160 | D:10     | Killed a hill giant
 14297 | D:10     | Noticed a hill giant
 14342 | D:10     | Killed a hill giant
 14726 | D:10     | Found a blossoming altar of Fedhas.
 14864 | D:10     | Found a staircase to the Lair.
 14877 | Lair:1   | Entered Level 1 of the Lair of Beasts
 15029 | Lair:1   | Reached skill level 12 in Unarmed Combat
 15804 | Lair:1   | Reached XP level 12. HP: 80/80 MP: 21/21
 16726 | Lair:1   | Reached skill level 5 in Stealth
 17028 | Lair:1   | Reached skill level 1 in Throwing
 17758 | Lair:2   | Noticed Harold
 17772 | Lair:2   | Killed Harold
 18488 | Lair:2   | Noticed a seven-headed hydra
 18698 | Lair:3   | Noticed a five-headed hydra
 18723 | Lair:3   | Killed a five-headed hydra
 19994 | Lair:4   | Received a gift from Okawaru
 20028 | Lair:4   | Reached skill level 13 in Unarmed Combat
 20515 | Lair:5   | Reached skill level 10 in Shields
 20576 | Lair:5   | Noticed a six-headed hydra
 20586 | Lair:5   | Killed a six-headed hydra
 20607 | Lair:5   | Found a labyrinth entrance.
 20616 | Lab      | Entered a labyrinth
 20868 | Lab      | Noticed a minotaur
 20872 | Lab      | Killed a minotaur
 20872 | Lab      | Reached XP level 13. HP: 64/85 MP: 15/22
 20882 | Lab      | Identified a cursed +0 rod of striking (7/7) (You found it in a labyrinth)
 21869 | Lair:1   | Learned a level 2 spell: Repel Missiles
 21872 | Lair:1   | Learned a level 2 spell: Shroud of Golubria
 21875 | Lair:1   | Learned a level 2 spell: Blink
 21949 | Lair:2   | Killed a seven-headed hydra
 21949 | Lair:2   | Reached skill level 1 in Charms
 22077 | Lair:6   | Found a viscous altar of Jiyva.
 22077 | Lair:6   | Found a staircase to the Slime Pits.
 22224 | Lair:6   | Found a staircase to the Shoals.
 22321 | Lair:6   | Found a staircase to the Snake Pit.
 22579 | Lair:6   | Reached skill level 1 in Translocations
 23133 | Lair:7   | Received a gift from Okawaru
 23153 | Lair:7   | Noticed a five-headed hydra
 23182 | Lair:7   | Killed a five-headed hydra
 24584 | Lair:8   | Entered Level 8 of the Lair of Beasts
 24701 | Lair:8   | Reached skill level 14 in Shields
 25838 | Lair:8   | Noticed an anaconda
 25850 | Lair:8   | Killed an anaconda
 25850 | Lair:8   | Reached skill level 15 in Shields
 25850 | Lair:8   | Reached XP level 14. HP: 91/91 MP: 21/23
 25873 | Lair:8   | Noticed a dire elephant
 25874 | Lair:8   | Noticed a dire elephant
 25894 | Lair:8   | Killed a dire elephant
 25911 | Lair:8   | Killed a dire elephant
 26137 | Lair:8   | Noticed a dire elephant
 26655 | Lair:8   | Noticed a dire elephant
 26675 | Lair:8   | Noticed a dire elephant
 26676 | Lair:8   | Noticed a dire elephant
 26962 | Orc:1    | Entered Level 1 of the Orcish Mines
 27014 | Orc:1    | Found a roughly hewn altar of Beogh.
 27476 | Orc:2    | Found Bairinoi's Book Shop.
 27573 | Orc:2    | Paralysed by an orc sorcerer for 4 turns
 27789 | Orc:3    | Noticed Joseph
 27800 | Orc:3    | Killed Joseph
 28010 | Orc:3    | Noticed Duskembrace's ghost (powerful SpEn)
 28016 | Orc:3    | Killed Duskembrace's ghost
 28267 | Orc:4    | Entered Level 4 of the Orcish Mines
 28446 | Orc:4    | Noticed Urug
 28460 | Orc:4    | Killed Urug
 28575 | Orc:4    | Found a shimmering altar of Xom.
 28841 | Orc:4    | Reached skill level 10 in Dodging
 29555 | Orc:4    | Found Xaqiyg's Distillery.
 29556 | Orc:4    | Found Ynwataf's Antique Weapon Emporium.
 29600 | Orc:4    | Found Umecvia's Distillery.
 29647 | Orc:4    | Found Mnouh's Distillery.
 29689 | Orc:4    | Bought a potion of strong poison for 22 gold pieces
 29696 | Orc:4    | Bought a potion of slowing for 16 gold pieces
 29935 | Lair:1   | Learned a level 4 spell: Petrify
 31197 | D:12     | Noticed Bloax's ghost (powerful OpTm)
 31207 | D:12     | Killed Bloax's ghost
 31772 | D:13     | Found a glowing silver altar of Zin.
 31772 | D:13     | Noticed Erica
 31782 | D:13     | Killed Erica
 31782 | D:13     | Reached skill level 10 in Fighting
 32021 | D:13     | Received a gift from Okawaru
 32071 | D:13     | Noticed Nessos
 32098 | D:13     | Killed Nessos
 32171 | D:13     | Reached skill level 15 in Unarmed Combat
 32221 | D:13     | Reached skill level 1 in Earth Magic
 32223 | D:13     | Reached skill level 1 in Transmutations
 32226 | D:13     | Reached XP level 15. HP: 96/100 MP: 24/24
 32574 | D:13     | Noticed Gastronok
 32588 | D:13     | Killed Gastronok
 32609 | D:13     | Noticed Sonja
 32628 | D:13     | Killed Sonja
 32709 | D:14     | Entered Level 14 of the Dungeon
 32735 | D:14     | Reached skill level 5 in Earth Magic
 33091 | D:14     | Noticed Aizul
 33111 | D:14     | Killed Aizul
 33145 | D:14     | Noticed Nikola
 33159 | D:14     | Killed Nikola
 33159 | D:14     | Reached skill level 5 in Transmutations
 33473 | D:15     | Entered Level 15 of the Dungeon
 33529 | D:15     | Noticed Roxanne
 33646 | D:15     | Received a gift from Okawaru
 33673 | D:15     | Got a warped shield {god gift}
 33689 | D:15     | Identified the +0 shield "Mothesch" {SInv} (Okawaru gifted it to you on level 15 of the Dungeon)
 35490 | D:16     | Reached skill level 5 in Spellcasting
 35709 | D:16     | Found Okoom's Magic Scroll Shop.
 35821 | D:16     | Found a basalt altar of Yredelemnul.
 36011 | D:16     | Reached XP level 16. HP: 107/107 MP: 26/26
 36109 | D:17     | Reached skill level 10 in Earth Magic
 36911 | Orc:2    | Bought a book of the Earth for 975 gold pieces
 36919 | Orc:2    | Learned a level 6 spell: Statue Form
 36924 | Orc:2    | Learned a level 4 spell: Dig
 38306 | D:18     | Noticed Jorgrun
 38323 | D:18     | Killed from afar by Jorgrun

Action                   |  1- 3 |  4- 6 |  7- 9 | 10-12 | 13-15 | 16-18 || total
-------------------------+-------+-------+-------+-------+-------+-------++-------
Melee: Unarmed           |    71 |    23 |   149 |   657 |  1212 |   193 ||  2305
 Fire: Sling             |    27 |    64 |   215 |    16 |       |       ||   322
       Blowgun           |       |       |    30 |   588 |   397 |    35 ||  1050
Throw: Dart              |     1 |     1 |    17 |     4 |       |       ||    23
       Javelin           |       |       |   100 |    72 |   144 |    11 ||   327
       Stone             |       |       |       |     6 |     6 |       ||    12
 Cast: Shroud of Golubri |       |       |       |       |    13 |       ||    13
       Repel Missiles    |       |       |       |       |    20 |     9 ||    29
       Blink             |       |       |       |       |     3 |     2 ||     5
Invok: Heroism           |       |       |     3 |    26 |    27 |     4 ||    60
       Finesse           |       |       |       |     3 |     5 |     1 ||     9
Evoke: Wand              |       |       |     1 |     5 |       |     5 ||    11
  Use: Scroll            |       |       |    18 |    17 |    16 |       ||    51
       Potion            |       |       |       |     3 |       |       ||     3
 Stab: Sleeping          |     3 |       |     7 |    20 |    23 |     2 ||    55
       Distracted        |       |       |       |       |     8 |     2 ||    10
